 Dungeon Crawl Stone Soup version 0.24-a0-619-gb7544fd237 (webtiles) character file.

Game seed: 2805927662809981683, levelgen mode: deterministic

16975 Gargoyl the Cleaver (level 12, -35/100 HPs)
             Began as a Centaur Abyssal Knight on Sept 17, 2019.
             Was a Priest of Lugonu.
             Killed from afar by a fire dragon (56 damage)
             ... with a blast of flame
             ... on level 3 of the Lair of Beasts.
             The game lasted 00:23:20 (14876 turns).

Gargoyl the Cleaver (Centaur Abyssal Knight)       Turns: 14876, Time: 00:23:20

Health: -35/100    AC: 22    Str: 18    XL:     12   Next: 14%
Magic:  10/18      EV:  2    Int: 15    God:    Lugonu [***...]
Gold:   848        SH: 12    Dex: 15    Spells: 11/11 levels left

rFire    . . .     SeeInvis .   I - +11 mace of the Three Nights {crush, Int+4}
rCold    . . .     Gourm    .   H - +4 shield of the Untouchables {*Corrode rPois Dex+4}
rNeg     . . .     Faith    .   s - +0 plate armour
rPois    +         Spirit   .   (helmet restricted)
rElec    .         Reflect  .   p - scarf {cloud immunity}
rCorr    .         Harm     .   t - +0 pair of gloves
MR       .....                  g - +4 centaur barding
Stlth    ..........             e - amulet of rage
HPRegen  0.26/turn              (no ring)
MPRegen  0.16/turn              (no ring)

@: corroded, berserk cooldown, slowed
A: large, antennae 1, beak, hooves 3, iridescent scales 1, yellow scales 1,
deformed body, speed 2, tough skin 3, evolution 1
a: Depart the Abyss, Bend Space, Banish, Renounce Religion, Evoke Berserk Rage


You were on level 3 of the Lair of Beasts.
You worshipped Lugonu.
Lugonu was most pleased with you.
You were not hungry.

You visited 2 branches of the dungeon, and saw 11 of its levels.
You visited the Abyss 2 times.
You also visited: Ossuary.

You collected 848 gold pieces.

Inventory:

Hand Weapons
 i - a +2 war axe
 I - the +11 mace of the Three Nights (weapon) {crush, Int+4}
   (You found it on level 2 of the Lair of Beasts)

   It inflicts extra damage upon your enemies.
   It affects your intelligence (+4).
Missiles
 E - 5 javelins (quivered)
Armour
 d - a +1 helmet
 g - a +4 centaur barding (worn)
 p - a scarf of cloud immunity (worn)
 s - a +0 plate armour (worn)
 t - a +0 pair of gloves (worn)
 H - the +4 shield of the Untouchables (worn) {*Corrode rPois Dex+4}
   (You found it on level 2 of the Lair of Beasts)

   It affects your dexterity (+4).
   It protects you from poison.
   It may corrode you when you take damage.
Jewellery
 e - an amulet of rage (around neck)
 G - an uncursed amulet of the acrobat
Wands
 k - a wand of digging (4)
 q - a wand of flame (1)
 w - a wand of paralysis (11)
 x - a wand of acid (28)
 A - a wand of iceblast (14)
 L - a wand of enslavement (7)
Scrolls
 f - 2 scrolls of identify
 h - 5 scrolls of remove curse
 j - 2 scrolls of magic mapping
 B - 3 scrolls of teleportation
 K - a scroll of enchant armour
Potions
 a - a potion of agility
 b - 2 potions of haste
 l - 8 potions of curing
 m - 2 potions of invisibility
 o - 2 potions of resistance
 r - a potion of ambrosia {unknown}
 u - a potion of mutation
 v - 2 potions of lignification {unknown}
 z - 2 potions of flight
 D - 2 potions of brilliance {unknown}
 F - 2 potions of might {unknown}
 J - a potion of berserk rage {unknown}
Miscellaneous
 C - a box of beasts
Comestibles
 c - 12 rations


   Skills:
 + Level 7.3 Fighting
 + Level 9.5(9.7) Axes
 + Level 2.6(6.6) Maces & Flails
 + Level 0.1 Throwing
 * Level 8.2 Armour
 * Level 6.0 Dodging
 + Level 1.9 Shields
 * Level 8.6 Invocations
 + Level 3.0 Evocations


You had 11 spell levels left.
You didn't know any spells.
Your spell library contained the following spells:

 Spells                   Type           Power        Failure   Level  Hunger
 Cause Fear               Hex            #.........   100%        4    #####..
 Silence                  Hex/Air        #.........   100%        5    ######.
 Yara's Violent Unravell  Hex/Tmut       #.........   100%        5    ######.
 Deflect Missiles         Chrm/Air       #.........   100%        6    #######
 Discord                  Hex            #.........   100%        8    #######


Dungeon Overview and Level Annotations

Branches:
Dungeon (8/15)             Temple (0/1) D:5            Lair (3/6) D:8
 Shoals (0/4) Lair:3      Ossuary (visited)
  Snake: Lair:2-4    Spider: Lair:2-4

Altars:
Kikubaaqudgha
Nemelex Xobeh
Okawaru
Qazlal
Sif Muna
Vehumet
Yredelemnul
Beogh

Annotations:
D:7 1 runed translucent door


Innate Abilities, Weirdness & Mutations

You have hooves in place of feet.
Armour fits poorly on your strangely shaped body.
You cover ground very quickly.
You have extremely tough skin. (AC +3)
You have a pair of small antennae on your head.
You have a beak for a mouth.
You are partially covered in iridescent scales. (AC +2)
You are partially covered in yellow scales. (AC +2)
You evolve.


Message History

The fire dragon tramples you but does no damage.
Okay, then.
You feel better. The fire dragon bites you.
* * * LOW HITPOINT WARNING * * *
The fire dragon claws you but does no damage.
You block the fire dragon's attack.
Press: ? - help, Shift-Dir - straight line, f/p - fire dragon
Aim: a fire dragon (catching its breath, chance to defeat MR: 56%)
The fire dragon resists with significant effort.
You feel somewhat more hungry. You block the fire dragon's attack.
The fire dragon claws you but does no damage.
You block the fire dragon's attack. The fire dragon bites you!
* * * LOW HITPOINT WARNING * * *
The fire dragon claws you but does no damage.
The fire dragon barely misses you.
You feel better. The fire dragon breathes flames at you.
The blast of flame hits you!!!
Ouch! That really hurt!
You die...

##...≈≈≈≈≈≈≈
#.......
#≈≈.≈≈≈≈≈≈#
#.......
#≈≈≈≈≈≈..≈#
#.......
#≈≈≈≈.....#
#.......
#≈;......#
#.......
#........#
#.....>.
#.......##
##......
##..D...#
###....
#..@...#
#P....
##....##
####..
##..##
###...# #..#
##....##
##.# #....##
#.# #..###
#.## #.##
#..# ###
##.#


You could see a fire dragon and an electric eel.

Vanquished Creatures
  Urug (Lair:1)
  The ghost of glosham the Eclecticist, a novice DENe of Cheibriados (D:7)
  3 black mambas
  5 spiny frogs
  A rime drake (Lair:3)
  2 komodo dragons (Lair:2)
  An air elemental (Abyss:1)
  6 hippogriffs
  12 yaks
  3 basilisks
  Menkaure (D:2)
  Edmund (D:6)
  3 soldier ants (D:7)
  4 water moccasins
  3 porcupines
  4 orc warriors
  2 ice beasts
  A phantom (D:7)
  A black bear (Lair:1)
  5 ogres
  29 wolves
  A centaur (D:8)
  5 crocodiles
  A big kobold (D:8)
  2 elf zombies (Ossuary)
  6 bullfrogs
  A small abomination (Abyss:1)
  2 scorpions
  A wyvern skeleton (D:7)
  11 killer bees
  An electric eel (Lair:3)
  5 wights
  A howler monkey (D:4)
  4 crimson imps (D:5)
  3 hounds
  2 jellies
  12 orc priests
  A centaur skeleton (D:6)
  Jessica (D:2)
  5 iguanas
  10 orc wizards
  12 worker ants
  3 hound zombies
  3 mummies (Ossuary)
  A worker ant zombie (D:5)
  7 adders
  A shadow imp (D:8)
  6 adder zombies (Ossuary)
  5 worms
  2 dart slugs
  5 leopard geckos
  50 orcs
  7 bats
  A bat zombie (D:2)
  8 giant cockroaches
  5 goblins
  10 hobgoblins
  11 jackals
  3 quokkas
  3 ball pythons
  5 frilled lizards
  3 goblin zombies (Ossuary)
  A hobgoblin zombie (Ossuary)
  8 kobolds
  A quokka skeleton (D:5)
  4 quokka zombies (Ossuary)
  10 rats
  2 rat zombies (Ossuary)
341 creatures vanquished.

Vanquished Creatures (collateral kills)
  A spiny frog (Lair:1)
  A porcupine (Lair:1)
2 creatures vanquished.

Vanquished Creatures (others)
  A hydra (Lair:3)
  An orc wizard (D:5)
  3 fungi
  2 plants (D:8)
  4 toadstools (D:1)
11 creatures vanquished.

Grand Total: 354 creatures vanquished

Notes
Turn   | Place    | Note
-------+----------+-------------------------------------------
     0 | Abyss:1  | Gargoyl the Centaur Abyssal Knight began the quest for the
                  | Orb.
     0 | Abyss:1  | Reached XP level 1. HP: 19/19 MP: 2/2
    39 | Abyss:1  | Gained mutation: Your flesh is heat resistant. (rF+)
                  | [potion of mutation]
    39 | Abyss:1  | Gained mutation: Your muscles are strong. (Str +2) [potion
                  | of mutation]
    39 | Abyss:1  | Noticed a worldbinder
    40 | Abyss:1  | Lost mutation: Your muscles are strong. (Str +2) [potion of
                  | mutation]
    40 | Abyss:1  | Lost mutation: Your flesh is heat resistant. (rF+) [potion
                  | of mutation]
    40 | Abyss:1  | Gained mutation: You expend magic power (3 MP) to
                  | strengthen your wands. [potion of mutation]
    40 | Abyss:1  | Gained mutation: Your muscles are strong. (Str +2) [potion
                  | of mutation]
    40 | Abyss:1  | Gained mutation: You evolve. [potion of mutation]
    53 | Abyss:1  | Noticed a large abomination
    53 | Abyss:1  | Noticed a small abomination
    63 | Abyss:1  | Noticed a deep elf mage
    63 | Abyss:1  | Noticed a deep elf archer
    64 | Abyss:1  | Noticed a deep elf knight
    64 | Abyss:1  | Noticed a deep elf mage
    64 | Abyss:1  | Noticed a deep elf archer
    69 | Abyss:1  | Noticed a sixfirhy
    70 | D:1      | Escaped the Abyss
   164 | D:1      | Reached * piety under Lugonu
   282 | D:1      | Reached skill level 1 in Dodging
   282 | D:1      | Reached XP level 2. HP: 26/26 MP: 3/3
   821 | D:2      | Reached skill level 2 in Axes
   850 | D:2      | Found a transporter.
   858 | D:2      | Noticed Menkaure
   858 | D:2      | Found an ancient bone altar of Kikubaaqudgha.
   858 | D:2      | Found a basalt altar of Yredelemnul.
   863 | D:2      | Reached XP level 3. HP: 25/31 MP: 4/4
   865 | D:2      | Killed Menkaure
   865 | D:2      | Reached XP level 4. HP: 33/40 MP: 4/6
   865 | D:2      | Reached XP level 5. HP: 38/46 MP: 4/7
   866 | D:2      | Found a transporter.
   871 | D:2      | Got an ancient robe
  1008 | D:2      | Identified the cursed +1 robe "Pajiraud" {MR+ Str+3 Int+2}
                  | (You found it on level 2 of the Dungeon)
  1094 | D:2      | Found a faded altar of an unknown god.
  1197 | D:2      | Found a stormy altar of Qazlal.
  1243 | D:2      | Noticed Jessica
  1248 | D:2      | Killed Jessica
  1884 | D:3      | Reached ** piety under Lugonu
  2137 | D:3      | Reached skill level 3 in Axes
  2586 | D:4      | Reached XP level 6. HP: 19/52 MP: 8/8
  2971 | D:4      | Noticed a hippogriff
  2981 | D:4      | Killed a hippogriff
  3010 | D:4      | Reached XP level 7. HP: 23/59 MP: 9/9
  3019 | D:4      | Reached skill level 4 in Axes
  3246 | D:4      | Found a sparkling altar of Nemelex Xobeh.
  3280 | D:4      | Reached *** piety under Lugonu
  3690 | D:4      | Found an iron altar of Okawaru.
  3905 | D:4      | Found a shimmering blue altar of Sif Muna.
  3934 | D:5      | Entered Level 5 of the Dungeon
  4180 | D:4      | Gained mutation: You are partially covered in yellow
                  | scales. (AC +2) [evolution]
  5321 | D:5      | Reached XP level 8. HP: 67/67 MP: 11/11
  5376 | D:5      | Found a radiant altar of Vehumet.
  5811 | D:5      | Reached skill level 5 in Axes
  6034 | D:5      | Reached skill level 1 in Evocations
  6167 | D:5      | Found a runed translucent door.
  6182 | D:5      | Reached skill level 5 in Fighting
  6214 | D:5      | Reached **** piety under Lugonu
  6226 | D:5      | Reached skill level 5 in Invocations
  6440 | D:5      | Found a roughly hewn altar of Beogh.
  6551 | D:5      | Found a staircase to the Ecumenical Temple.
  6660 | D:6      | Reached XP level 9. HP: 74/74 MP: 12/12
  6696 | D:6      | Noticed Edmund
  6712 | D:6      | Killed Edmund
  6745 | D:6      | Lost mutation: You expend magic power (3 MP) to strengthen
                  | your wands. [evolution]
  6830 | D:6      | Reached skill level 6 in Axes
  7073 | D:6      | Reached skill level 5 in Armour
  7843 | D:7      | Found a runed translucent gate.
  7844 | D:7      | Found a runed translucent gate.
  7845 | D:7      | Found a runed translucent gate.
  7845 | D:7      | Noticed glosham's ghost (novice DENe)
  7857 | D:7      | Killed glosham's ghost
  8028 | D:7      | Found a runed translucent door.
  8033 | D:7      | Found a runed translucent door.
  8066 | D:7      | Reached skill level 7 in Axes
  9042 | D:8      | Reached XP level 10. HP: 65/83 MP: 14/14
  9424 | D:8      | Reached ***** piety under Lugonu
  9447 | D:8      | Gained mutation: You are partially covered in iridescent
                  | scales. (AC +2) [evolution]
  9507 | D:8      | Found a staircase to the Lair.
  9545 | D:8      | Reached skill level 8 in Axes
  9619 | D:8      | Found a sand-covered staircase.
  9624 | Ossuary  | Entered an ossuary
 11219 | Lair:1   | Entered Level 1 of the Lair of Beasts
 11223 | Lair:1   | Noticed Fannar
 11226 | Lair:1   | Banished Fannar
 11305 | Lair:1   | Gained mutation: You have a beak for a mouth. [evolution]
 11357 | Lair:1   | Noticed a black mamba
 11369 | Lair:1   | Reached XP level 11. HP: 91/91 MP: 16/16
 11776 | Lair:1   | Reached skill level 5 in Dodging
 11978 | Lair:1   | Noticed Urug
 11993 | Lair:1   | Killed Urug
 12377 | Lair:2   | Reached skill level 9 in Axes
 12690 | Lair:2   | Gained mutation: You have a pair of small antennae on your
                  | head. [evolution]
 12941 | Lair:2   | Got a bloodstained shield
 12947 | Lair:2   | Identified the +4 shield of the Untouchables {*Corrode
                  | rPois Dex+4} (You found it on level 2 of the Lair of
                  | Beasts)
 12954 | Lair:2   | Got a fine mace
 12955 | Lair:2   | Identified the +11 mace of the Three Nights {crush, Int+4}
                  | (You found it on level 2 of the Lair of Beasts)
 13634 | Lair:3   | Found a staircase to the Shoals.
 13637 | Lair:3   | Noticed a four-headed hydra
 13642 | Lair:3   | Banished a four-headed hydra
 13818 | Lair:3   | Reached skill level 1 in Maces & Flails
 13980 | Lair:3   | Reached skill level 1 in Shields
 14064 | Lair:3   | Reached XP level 12. HP: 48/100 MP: 18/18
 14599 | Lair:3   | Noticed a fire dragon
 14777 | Abyss:1  | Lost mutation: Your muscles are strong. (Str +2)
                  | [evolution]
 14859 | Abyss:1  | Noticed a starcursed mass
 14866 | Abyss:1  | HP: 5/100 [Fannar/+0 quarterstaff of freezing (4)]
 14870 | Abyss:1  | Paralysed by accursed screaming for 1 turns
 14872 | Lair:3   | Escaped the Abyss
 14876 | Lair:3   | Killed from afar by a fire dragon

Levels and vault maps discovered:
D:1:      ldierk_walled_garden_2, layout_loops_ring, patterned_corridor
D:2:      layout_loops_cross, gammafunk_temple_of_torment,
          nicolae_qazlal_general_emergency, nicolae_overflow_hidden_temple,
          chequers_ecumenical_altar_simple, uniq_jessica
D:3:      layout_basic, first_ration
D:4:      layout_cave_pools, nemelex_xobeh_ov_fountains_minmay,
          lemuel_blue_sif_altar, okawaru_gym_becter
D:5:      layout_rooms, vehumet_altar_wand_db, temple_hall,
          lightli_church_of_beogh
D:6:      layout_gridville, uniq_edmund
D:7:      lemuel_insect_pit, layout_basic, ebering_ghost_rock_garden,
          uniq_menkaure
D:8:      layout_loops_ring, minmay_lair_entry_grove, enter_ossuary_5
Lair:1:   layout_cave_shapes, grunt_forest_small_clearing_treed, uniq_fannar,
          uniq_urug
Lair:2:   layout_loops_ring
Lair:3:   dragon1_lemuel, layout_cave_pods, shoals_dummy_entry,
          spider_nest_entry_funnel_web, grunt_forest_large_clearings

Skill      XL: |  1  2  3  4  5  6  7  8  9 10 11 12 |
---------------+-------------------------------------+-----
Dodging        | 1 2 3 4 5 6 |  6.0
Axes           | 2 3 4 5 7 8 9 |  9.5
Armour         | 2 3 4 5 7 8 |  8.2
Invocations    | 3 4 5 6 7 8 |  8.6
Fighting       | 4 5 6 7 |  7.3
Evocations     | 1 2 3 |  3.0
Maces & Flails | 2 |  2.6
Shields        | 1 |  1.9
Throwing       | |  0.1

Action                   |  1- 3 |  4- 6 |  7- 9 | 10-12 || total
-------------------------+-------+-------+-------+-------++-------
Melee: Hand axe          |    42 |   166 |    61 |       ||   269
       Kick              |     9 |    39 |   115 |   134 ||   297
       War axe           |       |       |   407 |   340 ||   747
       Peck              |       |       |       |    39 ||    39
       Mace              |       |       |       |   185 ||   185
Throw: Javelin           |       |       |       |     3 ||     3
Invok: Depart the Abyss  |     1 |       |       |     1 ||     2
       Banish            |       |       |       |     5 ||     5
       Enter the Abyss   |       |       |       |     1 ||     1
 Abil: Evoke Berserk Rag |     2 |       |     8 |    10 ||    20
Evoke: Wand              |       |       |     4 |    12 ||    16
       Box of beasts     |       |       |       |     1 ||     1
  Use: Scroll            |     2 |    11 |     9 |    10 ||    32
       Potion            |     2 |     1 |       |     8 ||    11
 Stab: Distracted        |       |       |       |     1 ||     1
  Eat: Chunk             |       |     7 |    21 |    15 ||    43
       Ration            |       |       |     1 |     4 ||     5
Armor: Leather armour    |    28 |       |       |       ||    28
       Robe              |       |    59 |       |       ||    59
       Plate armour      |       |   127 |   494 |   634 ||  1255
Dodge: Dodged            |    27 |    56 |    70 |    93 ||   246
Block: Shield            |       |       |       |   163 ||   163

Table legend:
 A = Non-vault XP
 B = Vault XP
 C = Vault XP percentage of total XP
 D = Non-vault monster count
 E = Vault monster count
 F = Vault count percentage of total count
                 A         B        C        D         E       F
            +---------+---------+-------+---------+---------+-------
      Total |   15370 |    8880 |  36.6 |     240 |     106 |  30.6
            +---------+---------+-------+---------+---------+-------
        D:1 |      24 |       0 |   0.0 |      14 |       0 |   0.0
        D:2 |      51 |     231 |  81.9 |      15 |       4 |  21.1
        D:3 |      65 |       0 |   0.0 |      28 |       0 |   0.0
        D:4 |     858 |       0 |   0.0 |      33 |       0 |   0.0
        D:5 |     978 |     483 |  33.1 |      30 |      26 |  46.4
        D:6 |     631 |     169 |  21.1 |      23 |       1 |   4.2
        D:7 |     561 |    1552 |  73.5 |      11 |      14 |  56.0
        D:8 |    1879 |    1883 |  50.1 |      40 |      12 |  23.1
     Lair:1 |    3249 |    1249 |  27.8 |      17 |       2 |  10.5
     Lair:2 |    3343 |     230 |   6.4 |      15 |       2 |  11.8
     Lair:3 |    3407 |    2794 |  45.1 |      12 |      24 |  66.7
    Abyss:1 |     324 |       0 |   0.0 |       2 |       0 |   0.0
    Ossuary |       0 |     289 | 100.0 |       0 |      21 | 100.0
            +---------+---------+-------+---------+---------+-------
